 Dungeon Crawl Stone Soup version 0.31-a0-851-g7ff8af7976 (webtiles) character file.

Game seed: 7120469770802347391

16 Descartes the Vexing (level 2, 0/21 HPs)
             Began as a Barachi Hexslinger on Oct 7, 2023.
             Slain by a frilled lizard (3 damage)
             ... on level 1 of the Dungeon.
             The game lasted 00:02:14 (359 turns).

Descartes the Vexing (Barachi Hexslinger)            Turns: 359, Time: 00:02:14

Health: 0/21       AC:  0    Str:  9    XL:     2   Next: 54%
Magic:  3/3        EV: 12    Int: 13    God:
Gold:   0          SH:  0    Dex: 14    Spells: 3/3 levels left

rFire   + . .        a - +1 sling
rCold   . . .        (no shield)
rNeg    . . .        (no body armour)
rPois   .            (no helmet)
rElec   .            (no cloak)
rCorr   .            (no gloves)
SInv    .            (no boots)
Will    +....        (no amulet)
Stlth   +            e - ring of protection from fire
HPRegen 0.23/turn    (no ring)
MPRegen 0.08/turn

%: no passive effects
@: unable to hop, enlightened, flying, slow
A: amphibious, slowness 1, strong legs 1, +LOS
a: Hop


You were on level 1 of the Dungeon.
You visited 1 branch of the dungeon, and saw 1 of its levels.

Inventory:

Hand Weapons
 a - a +1 sling (weapon)
Armour
 c - a +0 robe
 f - a +0 leather armour
Jewellery
 e - a ring of protection from fire (left hand)


   Skills:
 - Level 1.2 Fighting
 + Level 3.1 Ranged Weapons
 - Level 2.1 Dodging
 - Level 1.1 Spellcasting
 - Level 3.2 Hexes
 - Level 1.1 Fire Magic


You had 3 spell levels left.
You didn't know any spells.
Your spell library contained the following spells:

 Spells                   Type           Power      Damage    Failure   Level
 Jinxbite                 Hex            18%        N/A       11%         2
 Sigil of Binding         Hex            9%         N/A       22%         3
 Inner Flame              Hex/Fire       6%         N/A       34%         3
 Cause Fear               Hex            4%         N/A       58%         4
 Dimensional Bullseye     Hex/Tloc       2%         N/A       80%         4


Dungeon Overview and Level Annotations

Branches:
Dungeon (1/15)

Altars:


Innate Abilities, Weirdness & Mutations

You are amphibious.
You cover ground slowly.
You can hop short distances.
You have an extended range of vision and can be seen from far away.


Message History

You are too injured to fight recklessly!
Unknown command.
Hop to where?
Press: ? - help, Dir - move target, p - hobgoblin Boing!
The goblin unwields a +0 sling.
The goblin wields a +0 dagger.
The goblin hits you with a +0 dagger.
You are too injured to fight recklessly!
Unknown command.
It was a potion of enlightenment.
You feel very buoyant.
You fly up into the air.
The bat hits you. The hobgoblin barely misses you.
The goblin closely misses you.
You are too injured to fight recklessly!
Unknown command.
Your legs are too worn out to hop.
Your legs are too worn out to hop.
Unknown command.
Your legs are too worn out to hop.
Unknown command.
Read: scroll of poison
Press: ? - help, Dir - look around, f - activate The air fills with toxic fumes!
As you read the scroll of poison, it crumbles to dust.
The hobgoblin barely misses you. The goblin closely misses you.
Fire: a) +1 sling
Press: ? - help, Shift-Dir - straight line, f - hobgoblin
Aim: a hobgoblin (severely wounded, 57% to hit)
You shoot a sling bullet.
The sling bullet closely misses the hobgoblin.
The sling bullet barely misses the bat.
The hobgoblin barely misses you. The goblin barely misses you.
Fire: a) +1 sling
Press: ? - help, Q - select action, (/) - cycle Shift-Dir - straight line, f/p - hobgoblin
Aim: a hobgoblin (severely wounded, 57% to hit)
You shoot a sling bullet. The sling bullet hits the hobgoblin!
You kill the hobgoblin!
The bat hits you. The goblin hits you with a +0 dagger.
* * * LOW HITPOINT WARNING * * *
The frilled lizard bites you.
You die...

###..†.......§§§..#
..............§§..+
########....#.§§..#
..§.....#§###
..#§...##§#### .
#§§§. #.§§§#
.§§§§§##.b§§#
..§§§§§§§gl§§# #
..§§§§§§§§@§§# .
..§§§§§§§§§§§# #
..§§§§§§§§§§§#
##§§§§§§§§§#
§§§§§§§§§§§§
§§§§§§§§§§§§#
§§§##+#+###§# §§§
§# §§ §#


You could see a goblin, a bat and a frilled lizard.

Vanquished Creatures
  2 dart slugs (D:1)
  A bat (D:1)
  A giant cockroach (D:1)
  A goblin (D:1)
  3 hobgoblins (D:1)
  A quokka (D:1)
  2 ball pythons (D:1)
11 creatures vanquished.

Notes
Turn   | Place    | Note
-------+----------+-------------------------------------------
     0 | D:1      | Descartes the Barachi Hexslinger began the quest for the
                  | Orb.
     0 | D:1      | Reached XP level 1. HP: 15/15 MP: 2/2
   243 | D:1      | Reached XP level 2. HP: 21/21 MP: 3/3
   359 | D:1      | Slain by a frilled lizard

Illustrated notes

Levels and vault maps discovered:
D:1:      matt_arrival_refuge, layout_basic

Skill      XL: |  1  2 |
---------------+-------+-----
Ranged Weapons | 3 |  3.1
Fighting       | |  1.2
Dodging        | |  2.1
Spellcasting   | |  1.1
Hexes          | |  3.2
Fire Magic     | |  1.1

Action                     || total
---------------------------++-------
   Fire: Sling             ||    44
Ability: Hop               ||     1
    Use: Scroll            ||     1
         Potion            ||     1
 Armour: Robe              ||     9
         Skin              ||    12
  Dodge: Dodged            ||    15

Table legend: (Time is in decaauts)
 A = Elapsed time spent in this place.
 B = Non-inter-level travel time spent in this place.
 C = Inter-level travel time spent in this place.
 D = Time resting spent in this place.
 E = Time spent auto-exploring this place.
 F = Levels seen in this place.
 G = Mean time per level.
                   A        B        C        D        E       F      G
               +--------+--------+--------+--------+--------+-----+--------+
         Total |    419 |    419 |      0 |      0 |    325 |   1 |  419.0 |
       Dungeon |    419 |    419 |      0 |      0 |    325 |   1 |  419.0 |
               +--------+--------+--------+--------+--------+-----+--------+

Top non-repeatable levels by time:
     D:1: 419 daAuts
